MLB
CHICAGO CUBS @ HOUSTON ASTROS
07/18/2039
 
TOP OF THE 1ST
Chicago Cubs batting - Pitching for Houston Astros : RHP Andry Lara
Pitching: RHP Andry Lara
Batting: RHB Dionisio Capelli 0-0: Ball
1-0: Called Strike
1-1: Foul Ball, location: 5FF
1-2: Strikes out looking
Batting: LHB Mike Rogers 0-0: Ball
1-0: Foul Ball, location: 3SF
1-1: Foul Ball, location: 25F
1-2: Ground out 3-1 (Groundball, 34S, EV 81.9 MPH)
Batting: RHB Chris Akers 0-0: Ball
1-0: Ball
2-0: Ball
3-0: SINGLE (Groundball, 6MD, EV 98.1 MPH)
Batting: LHB Mike Jurasek 0-0: Ball
1-0: Swinging Strike
1-1: Ball
2-1: SINGLE (Groundball, 34D, EV 97.5 MPH)
Chris Akers to second
Runner from 2nd tries for 3rd, SAFE, no throw by RF
Batting: LHB Vítor Mosca 0-0: Ball
1-0: Called Strike
1-1: Swinging Strike
1-2: Strikes out swinging
Top of the 1st over - 0 runs, 2 hits, 0 errors, 2 left on base; Chicago 0 - Houston 0
BOTTOM OF THE 1ST
Houston Astros batting - Pitching for Chicago Cubs : RHP Manny Cervantez
Pitching: RHP Manny Cervantez
Batting: LHB Bob Barraza 0-0: Ball
1-0: Ball
2-0: Ball
3-0: Called Strike
3-1: Foul Ball, location: 7LMF
3-2: Strikes out swinging
Batting: LHB Kaito Kozono 0-0: Foul Ball, location: 23F
0-1: Ball
1-1: Ball
2-1: Foul Ball, location: 5DF
2-2: Foul Ball, location: 3FF
2-2: Foul Ball, location: 7LMF
2-2: Foul Ball, location: 2F
2-2: Ball
3-2: Ground out 1-3 (Groundball, 13S, EV 72.5 MPH)
Batting: RHB Jordan Villa 0-0: Foul Ball, location: 25FF
0-1: Swinging Strike
0-2: TRIPLE (Line Drive, 7D, EV 108.1 MPH)
Batting: LHB Jonas Ramos 0-0: Fly out, F6 (Popup, 6, EV 66.9 MPH)
Bottom of the 1st over - 0 runs, 1 hit, 0 errors, 1 left on base; Chicago 0 - Houston 0
TOP OF THE 2ND
Chicago Cubs batting - Pitching for Houston Astros : RHP Andry Lara
Batting: RHB Chris Burch 0-0: Called Strike
0-1: Called Strike
0-2: Ball
1-2: Strikes out swinging
Batting: LHB Jonathan Reese 0-0: Called Strike
0-1: Foul Ball, location: 2F
0-2: Strikes out swinging
Batting: RHB J.J. Small 0-0: SINGLE (Line Drive, 9S, EV 100.6 MPH)
Batting: LHB Juan Sierra 0-0: Ball
1-0: Ball
2-0: Called Strike
2-1: Ball
3-1: Base on Balls
J.J. Small to second
Batting: RHB Dionisio Capelli 0-0: Ball
1-0: SINGLE (Line Drive, 9S, EV 108.8 MPH)
J.J. Small to third
Juan Sierra to second
Runner from 3rd tries for Home, SAFE, throw by RF to home
Batting: LHB Mike Rogers 0-0: Swinging Strike
0-1: Swinging Strike
0-2: Strikes out looking
Top of the 2nd over - 1 run, 2 hits, 0 errors, 2 left on base; Chicago 1 - Houston 0
BOTTOM OF THE 2ND
Houston Astros batting - Pitching for Chicago Cubs : RHP Manny Cervantez
Batting: RHB Josh McCoy 0-0: Called Strike
0-1: Ball
1-1: Called Strike
1-2: Ball
2-2: Strikes out swinging
Batting: LHB Luis Saucedo 0-0: Ball
1-0: Called Strike
1-1: Ground out 1-3 (Groundball, 13S, EV 70.6 MPH)
Batting: RHB Nick Ferris 0-0: Swinging Strike
0-1: Called Strike
0-2: Foul Ball, location: 7LDF
0-2: Foul Ball, location: 5F
0-2: Ground out 6-3 (Groundball, 56, EV 98.1 MPH)
Bottom of the 2nd over - 0 runs, 0 hits, 0 errors, 0 left on base; Chicago 1 - Houston 0
TOP OF THE 3RD
Chicago Cubs batting - Pitching for Houston Astros : RHP Andry Lara
Batting: RHB Chris Akers 0-0: Called Strike
0-1: Ball
1-1: Ball
2-1: Foul Ball, location: 25FF
2-2: Ball
3-2: Ground out 1-4-3 (Groundball, 15S, EV 97.5 MPH)
Batting: LHB Mike Jurasek 0-0: Ball
1-0: Ground out 4-3 (Groundball, 34, EV 81.9 MPH)
Batting: LHB Vítor Mosca 0-0: Called Strike
0-1: Swinging Strike
0-2: Strikes out swinging
Top of the 3rd over - 0 runs, 0 hits, 0 errors, 0 left on base; Chicago 1 - Houston 0
BOTTOM OF THE 3RD
Houston Astros batting - Pitching for Chicago Cubs : RHP Manny Cervantez
Batting: LHB Gabe Wuest 0-0: Fly out, F8 (Flyball, 8LD, EV 105.6 MPH)
Batting: SHB Drew Romo 0-0: Foul Ball, location: 5F
0-1: Ball
1-1: Swinging Strike
1-2: Strikes out swinging
Batting: LHB Bob Barraza 0-0: Foul Ball, location: 2RF
0-1: Ball
1-1: SINGLE (Line Drive, 4MD, EV 100.6 MPH)
Batting: LHB Kaito Kozono 0-0: Called Strike
0-1: Ball
1-1: Ball
2-1: Foul Ball, location: 7LMF
2-2: Strikes out swinging
Bottom of the 3rd over - 0 runs, 1 hit, 0 errors, 1 left on base; Chicago 1 - Houston 0
TOP OF THE 4TH
Chicago Cubs batting - Pitching for Houston Astros : RHP Andry Lara
Batting: RHB Chris Burch 0-0: Ball
1-0: Ball
2-0: Ball
3-0: Called Strike
3-1: Ground out 6-3 (Groundball, 6, EV 91.3 MPH)
Batting: LHB Jonathan Reese 0-0: Ball
1-0: Called Strike
1-1: Called Strike
1-2: Ball
2-2: Foul Ball, location: 7LDF
2-2: Ground out U3 (Groundball, 3L, EV 86.3 MPH)
Batting: RHB J.J. Small 0-0: Foul Ball, location: 2F
0-1: Ball
1-1: Ball
2-1: Foul Ball, location: 2F
2-2: Foul Ball, location: 2F
2-2: Ball
3-2: SINGLE (Line Drive, 78S, EV 94.4 MPH)
Batting: LHB Juan Sierra 0-0: Ball
1-0: Ground out U3 (Groundball, 3L, EV 106.3 MPH)
Top of the 4th over - 0 runs, 1 hit, 0 errors, 1 left on base; Chicago 1 - Houston 0
BOTTOM OF THE 4TH
Houston Astros batting - Pitching for Chicago Cubs : RHP Manny Cervantez
Batting: RHB Jordan Villa 0-0: Ball
1-0: Ball
2-0: Foul Ball, location: 2F
2-1: Swinging Strike
2-2: Strikes out swinging
Batting: LHB Jonas Ramos 0-0: Called Strike
0-1: Foul Ball, location: 25FF
0-2: Ball
1-2: Fly out, F9 (Flyball, 89S, EV 83.8 MPH)
Batting: RHB Josh McCoy 0-0: Called Strike
0-1: Foul Ball, location: 2F
0-2: Foul Ball, location: 3SF
0-2: Ball
1-2: Ball
2-2: Strikes out swinging
Bottom of the 4th over - 0 runs, 0 hits, 0 errors, 0 left on base; Chicago 1 - Houston 0
TOP OF THE 5TH
Chicago Cubs batting - Pitching for Houston Astros : RHP Andry Lara
Batting: RHB Dionisio Capelli 0-0: Called Strike
0-1: Ball
1-1: Called Strike
1-2: Foul Ball, location: 9LDF
1-2: Strikes out looking
Batting: LHB Mike Rogers 0-0: Swinging Strike
0-1: Ball
1-1: Foul Ball, location: 2F
1-2: Ball
2-2: Strikes out swinging
Batting: RHB Chris Akers 0-0: Ball
1-0: Ball
2-0: Foul Ball, location: 2F
2-1: Called Strike
2-2: Foul Ball, location: 25F
2-2: DOUBLE (Flyball, 8LXD, EV 95.0 MPH)
Pitching: RHP Dave Burk
Batting: LHB Mike Jurasek 0-0: Called Strike
0-1: Hit by Pitch
Batting: LHB Vítor Mosca 0-0: Called Strike
0-1: Ball
1-1: Foul Ball, location: 23F
1-2: Fly out, F9 (Flyball, 89S, EV 82.5 MPH)
Top of the 5th over - 0 runs, 1 hit, 0 errors, 2 left on base; Chicago 1 - Houston 0
BOTTOM OF THE 5TH
Houston Astros batting - Pitching for Chicago Cubs : RHP Manny Cervantez
Batting: LHB Luis Saucedo 0-0: Ball
1-0: Called Strike
1-1: Called Strike
1-2: Strikes out swinging
Batting: RHB Nick Ferris 0-0: Ball
1-0: Ball
2-0: Swinging Strike
2-1: Foul Ball, location: 3F
2-2: Strikes out swinging
Batting: LHB Gabe Wuest 0-0: Ball
1-0: Swinging Strike
1-1: Ball
2-1: Swinging Strike
2-2: Ball
3-2: Strikes out swinging
Bottom of the 5th over - 0 runs, 0 hits, 0 errors, 0 left on base; Chicago 1 - Houston 0
TOP OF THE 6TH
Chicago Cubs batting - Pitching for Houston Astros : RHP Dave Burk
Batting: RHB Chris Burch 0-0: Ground out 4-3 (Groundball, 6M, EV 109.4 MPH)
Batting: LHB Jonathan Reese 0-0: Called Strike
0-1: Ball
1-1: Called Strike
1-2: Ground out 5-3 (Groundball, 56, EV 83.1 MPH)
Batting: RHB J.J. Small 0-0: Foul Ball, location: 5SF
0-1: Foul Ball, location: 9LDF
0-2: Ball
1-2: Ground out 1-3 (Groundball, 13, EV 67.5 MPH)
Top of the 6th over - 0 runs, 0 hits, 0 errors, 0 left on base; Chicago 1 - Houston 0
BOTTOM OF THE 6TH
Houston Astros batting - Pitching for Chicago Cubs : RHP Manny Cervantez
Batting: SHB Drew Romo 0-0: Swinging Strike
0-1: Ball
1-1: Ball
2-1: Ground out U3 (Groundball, 34S, EV 70.0 MPH)
Batting: LHB Bob Barraza 0-0: Foul Ball, location: 2F
0-1: Foul Ball, location: 5FF
0-2: Foul Ball, location: 2F
0-2: Fly out, F7 (Flyball, 7LS, EV 87.5 MPH)
Batting: LHB Kaito Kozono 0-0: Ball
1-0: Foul Ball, location: 25FF
1-1: Ball
2-1: Swinging Strike
2-2: Ball
3-2: Strikes out looking
Bottom of the 6th over - 0 runs, 0 hits, 0 errors, 0 left on base; Chicago 1 - Houston 0
TOP OF THE 7TH
Chicago Cubs batting - Pitching for Houston Astros : RHP Dave Burk
Batting: LHB Juan Sierra 0-0: Foul Ball, location: 5FF
0-1: Ground out 4-3 (Groundball, 4, EV 89.4 MPH)
Batting: RHB Dionisio Capelli 0-0: Ball
1-0: Ball
2-0: Foul Ball, location: 7LDF
2-1: Fly out, F8 (Flyball, 8RM, EV 90.0 MPH)
Batting: LHB Mike Rogers 0-0: Ball
1-0: Called Strike
1-1: SINGLE (Groundball, 34, EV 103.1 MPH)
Batting: RHB Chris Akers 0-0: Ball
1-0: Ball
2-0: Called Strike
2-1: Ball
3-1: Base on Balls
Mike Rogers to second
Batting: LHB Mike Jurasek 0-0: Ball
1-0: Ball
2-0: Ball
3-0: Base on Balls
Mike Rogers to third
Chris Akers to second
Batting: LHB Vítor Mosca 0-0: Fielders Choice at 2nd, 6-4 (Groundball, 6, EV 83.8 MPH)
Top of the 7th over - 0 runs, 1 hit, 0 errors, 3 left on base; Chicago 1 - Houston 0
BOTTOM OF THE 7TH
Houston Astros batting - Pitching for Chicago Cubs : RHP Manny Cervantez
Batting: RHB Jordan Villa 0-0: Called Strike
0-1: Ball
1-1: Ball
2-1: Fly out, F8 (Flyball, 8RS, EV 83.8 MPH)
Batting: LHB Jonas Ramos 0-0: Ground out 4-3 (Groundball, 4, EV 84.4 MPH)
Batting: RHB Josh McCoy 0-0: Called Strike
0-1: Swinging Strike
0-2: Strikes out swinging
Bottom of the 7th over - 0 runs, 0 hits, 0 errors, 0 left on base; Chicago 1 - Houston 0
TOP OF THE 8TH
Chicago Cubs batting - Pitching for Houston Astros : RHP Dave Burk
Batting: RHB Chris Burch 0-0: Ball
1-0: Called Strike
1-1: Called Strike
1-2: SOLO HOME RUN (Line Drive, 89XD, EV 111.9 MPH), Distance : 412 ft
Batting: LHB Jonathan Reese 0-0: Called Strike
0-1: Swinging Strike
0-2: Ball
1-2: Ball
2-2: Foul Ball, location: 2F
2-2: Ball
3-2: Strikes out looking
Pitching: RHP Jorge Campos
Batting: RHB J.J. Small 0-0: Ball
1-0: SINGLE (Line Drive, 6MD, EV 99.4 MPH)
Batting: LHB Juan Sierra 0-0: Called Strike
0-1: Ball
1-1: Called Strike
1-2: Foul Ball, location: 2F
1-2: Foul Ball, location: 23F
1-2: Strikes out swinging
Batting: RHB Dionisio Capelli 0-0: Called Strike
J.J. Small steals 2nd base
0-1: Ball
1-1: Swinging Strike
1-2: Ball
2-2: Foul Ball, location: 2F
2-2: Ball
3-2: SINGLE (Line Drive, 4MD, EV 95.0 MPH)
J.J. Small to third
Runner from 3rd tries for Home, SAFE, throw by CF to home
Batting: LHB Mike Rogers 0-0: Called Strike
0-1: Called Strike
Dionisio Capelli steals 2nd base (no throw)
0-2: Fly out, F6 (Popup, 4M, EV 69.4 MPH)
Top of the 8th over - 2 runs, 3 hits, 0 errors, 1 left on base; Chicago 3 - Houston 0
BOTTOM OF THE 8TH
Houston Astros batting - Pitching for Chicago Cubs : RHP Manny Cervantez
Pitching: LHP Jon Orozco
Now at 1B: Chris Akers
Now at 2B: Nelson Delgadillo
Now in LF: J.J. Small
Now in CF: Danny Perez
Batting: LHB Luis Saucedo 0-0: Called Strike
0-1: Fly out, F9 (Line Drive, 9S, EV 89.4 MPH)
Batting: RHB Nick Ferris 0-0: Called Strike
0-1: Ball
1-1: Foul Ball, location: 2F
1-2: Foul Ball, location: 23F
1-2: Ball
2-2: Foul Ball, location: 23F
2-2: Strikes out swinging
Batting: LHB Gabe Wuest 0-0: Swinging Strike
0-1: Foul Ball, location: 7LDF
0-2: Foul Ball, location: 9LSF
0-2: Strikes out swinging
Bottom of the 8th over - 0 runs, 0 hits, 0 errors, 0 left on base; Chicago 3 - Houston 0
TOP OF THE 9TH
Chicago Cubs batting - Pitching for Houston Astros : RHP Jorge Campos
Batting: RHB Chris Akers 0-0: Called Strike
0-1: Fly out, F8 (Flyball, 8RM, EV 96.9 MPH)
Batting: RHB Nelson Delgadillo 0-0: Ball
1-0: Called Strike
1-1: Ball
2-1: Foul Ball, location: 2F
2-2: Strikes out swinging
Batting: LHB Vítor Mosca 0-0: Ball
1-0: Called Strike
1-1: Ball
2-1: Ball
3-1: Swinging Strike
3-2: Strikes out swinging
Top of the 9th over - 0 runs, 0 hits, 0 errors, 0 left on base; Chicago 3 - Houston 0
BOTTOM OF THE 9TH
Houston Astros batting - Pitching for Chicago Cubs : LHP Jon Orozco
Pitching: RHP Bobby Morgan
Batting: SHB Drew Romo 0-0: Ball
1-0: Ball
2-0: Ball
3-0: Base on Balls
Batting: LHB Bob Barraza 0-0: Ball
1-0: Swinging Strike
1-1: Ball
2-1: Foul Ball, location: 7LMFF
2-2: Ball
3-2: Base on Balls
Drew Romo to second
Batting: LHB Kaito Kozono 0-0: Called Strike
0-1: Fielders Choice at 2nd, 3-6 (Groundball, 3, EV 108.8 MPH)
Drew Romo to third
Batting: RHB Jordan Villa 0-0: Ball
1-0: SINGLE (Line Drive, 78S, EV 108.8 MPH)
Drew Romo scores
Kaito Kozono to second
Batting: LHB Jonas Ramos 0-0: Fly out, F7 (Flyball, 7S, EV 90.0 MPH)
Batting: RHB Josh McCoy 0-0: Ball
1-0: Foul Ball, location: 7LMF
1-1: 3-RUN HOME RUN (Flyball, 78XD, EV 111.3 MPH), Distance : 449 ft
Bottom of the 9th over - 4 runs, 2 hits, 0 errors, 0 left on base; Chicago 3 - Houston 4
Tuesday, April 23rd , 2024 - OOTP Baseball 24.11 Build 85